 Dungeon Crawl Stone Soup version 0.29-a0-271-gd4eb659eea (webtiles) character file.

Game seed: 2114128852876573538

81 Zeldest the Insei (level 4, -13/28 HPs)
             Began as a Tengu Monk on Mar 9, 2022.
             Killed from afar by Ijyb (41 damage)
             ... with a bolt of acid
             ... on level 3 of the Dungeon.
             The game lasted 00:03:23 (1840 turns).

Zeldest the Insei (Tengu Monk)                      Turns: 1840, Time: 00:03:23

Health: -13/28     AC:  5    Str: 12    XL:     4   Next: 40%
Magic:  5/5        EV: 12    Int: 16    God:
Gold:   62         SH:  0    Dex: 18    Spells: 3/3 levels left

rFire   + . .      SeeInvis .     - Unarmed
rCold   . . .      Faith    .   (no shield)
rNeg    . . .      Spirit   .   e - +0 ring mail
rPois   .          Reflect  .   (helmet restricted)
rElec   .          Harm     .   (no cloak)
rCorr   .          Rampage  .   (no gloves)
Will    .....                   (boots unavailable)
Stlth   ++........              (no amulet)
HPRegen 0.09/turn               a - ring of protection from fire
MPRegen 0.09/turn               o - +6 ring of intelligence

@: invisible
A: beak, talons 3
a: no special abilities


You were on level 3 of the Dungeon.
You visited 1 branch of the dungeon, and saw 3 of its levels.

You collected 62 gold pieces.

Inventory:

Hand Weapons
 q - a +0 triple sword
Armour
 e - a +0 ring mail (worn)
Jewellery
 a - a ring of protection from fire (left hand)
 o - a +6 ring of intelligence (right hand)
Wands
 m - a wand of flame (27)
Scrolls
 c - a scroll of blinking {unknown}
 g - a scroll of teleportation {unknown}
 h - 2 scrolls of amnesia {unknown}
 i - a scroll of vulnerability {unknown}
 n - a scroll of identify {unknown}
Potions
 b - a potion of ambrosia
 d - a potion of curing {unknown}
 f - a potion of flight {unknown}
 j - a potion of mutation {unknown}
 k - 2 potions of resistance {unknown}
 l - a potion of invisibility
 p - a potion of degeneration {unknown}


   Skills:
 + Level 3.6 Fighting
 + Level 0.1 Long Blades
 + Level 4.0 Dodging
 - Level 2.0 Stealth
 + Level 4.5 Unarmed Combat


You had 3 spell levels left.
You didn't know any spells.
Your spell library was empty.

Dungeon Overview and Level Annotations

Branches:
Dungeon (3/15)

Altars:

Annotations:
D:3 Ijyb


Innate Abilities, Weirdness & Mutations

You have a beak for a mouth.
You have claws for feet.


Message History

An endoplasm is nearby!
Found a triple sword.
The endoplasm hits you but does no damage.
You hit the endoplasm. You claw the endoplasm.
You kill the endoplasm!
No target in view!
You see here a +0 triple sword.
q - a +0 triple sword An adder comes into view.
An adder is nearby!
The adder hisses angrily.
You miss the adder. Your kick misses the adder. Your peck misses the adder.
The adder bites you but does no damage.
You closely miss the adder. You claw the adder!
The adder is almost dead.
The adder closely misses you. The adder barely misses you.
You hit the adder.
You kill the adder!
Your Dodging skill increases to level 4!
No target in view!
You see here an adder corpse.
Ijyb the Twisted Goblin comes into view.
She is wielding a +0 club, wearing a +2 ring mail of cold resistance and carrying a wand of acid (6).
Ijyb shouts!
Ijyb is nearby!
Okay, then.
Okay, then.
It was a potion of invisibility.
You fade into invisibility!
Okay, then.
Unknown command.
Ijyb screams, "Get away!"
Unknown command.
Aiming: Throw Flame
Press: ? - help, Shift-Dir - straight line, f - Ijyb
Aim: Ijyb, wielding a +0 club, wearing a +2 ring mail of cold resistance and carrying a wand of acid (6) (can't see you, 64% to hit)
The puff of flame hits Ijyb.
Ijyb is moderately wounded.
Ijyb zaps a wand.
The bolt of acid hits you!!!
Ouch! That really hurt!
You die...

##.## ##...#
#..... .... ##
#..#
....###..######.
#........g....
#######@.#
.........#
########.# #.###
#.#.##
#..#.#######
#.#........#
##....#####.#
##....#### #.#


You could see Ijyb (can't see you).

Vanquished Creatures
  Robin (D:3)
  A gnoll (D:1)
  An adder (D:3)
  A dart slug (D:2)
  An orc (D:3)
  2 endoplasms
  A giant cockroach (D:2)
  10 goblins
  6 hobgoblins
  7 kobolds
  2 quokkas
  6 ball pythons
  4 bats
  A frilled lizard (D:1)
  A rat (D:2)
45 creatures vanquished.

Notes
Turn   | Place    | Note
-------+----------+-------------------------------------------
     0 | D:1      | Zeldest the Tengu Monk began the quest for the Orb.
     0 | D:1      | Reached XP level 1. HP: 14/14 MP: 2/2
    92 | D:1      | Reached XP level 2. HP: 14/19 MP: 3/3
   624 | D:1      | Reached XP level 3. HP: 16/23 MP: 4/4
  1520 | D:3      | Found a faded altar of an unknown god.
  1553 | D:3      | Noticed Robin
  1576 | D:3      | Killed Robin
  1590 | D:3      | Reached XP level 4. HP: 24/28 MP: 5/5
  1836 | D:3      | Noticed Ijyb
  1840 | D:3      | Killed from afar by Ijyb

Illustrated notes

Levels and vault maps discovered:
D:1:      ebering_trefoil_twist, layout_rooms, chequers_serial_rivers_marsh
D:2:      layout_basic, corner_web_ring
D:3:      layout_loops_corners, shapermc_ecumenical_altar_venn, uniq_jessica,
          uniq_ijyb, uniq_robin

Skill      XL: |  1  2  3  4 |
---------------+-------------+-----
Unarmed Combat | 4 |  4.5
Dodging        | 4 |  4.0
Fighting       | |  3.6
Long Blades    | |  0.1
Stealth        | |  2.0

Action                   |  1- 3 |  4- 6 || total
-------------------------+-------+-------++-------
Melee: Unarmed           |    75 |    18 ||    93
       Kick              |    14 |     5 ||    19
       Peck              |    13 |     2 ||    15
Evoke: Wand              |       |     1 ||     1
  Use: Potion            |       |     1 ||     1
 Stab: Sleeping          |     6 |       ||     6
Armor: Robe              |     5 |       ||     5
       Ring mail         |     5 |     6 ||    11
Dodge: Dodged            |    37 |     5 ||    42

Table legend: (Time is in decaauts)
 A = Elapsed time spent in this place.
 B = Non-inter-level travel time spent in this place.
 C = Inter-level travel time spent in this place.
 D = Time resting spent in this place.
 E = Time spent auto-exploring this place.
 F = Levels seen in this place.
 G = Mean time per level.
                   A        B        C        D        E       F      G
               +--------+--------+--------+--------+--------+-----+--------+
         Total |   1832 |   1784 |     48 |    394 |   1096 |   3 |  610.7 |
       Dungeon |   1832 |   1784 |     48 |    394 |   1096 |   3 |  610.7 |
               +--------+--------+--------+--------+--------+-----+--------+

Top non-repeatable levels by time:
     D:1: 797 daAuts
     D:3: 519 daAuts
     D:2: 516 daAuts
